 Dungeon Crawl Stone Soup version 0.29-a0-559-g359e09b9d1 (webtiles) character file.

Game seed: 2704411830862886819

55 frogsbabysitter the Poker (level 3, -2/29 HPs)
             Began as a Merfolk Gladiator on June 10, 2022.
             Succumbed to a kobold's poison
             ... on level 2 of the Dungeon.
             The game lasted 00:02:46 (1455 turns).

frogsbabysitter the Poker (Merfolk Gladiator)       Turns: 1455, Time: 00:02:47

Health: -2/29      AC:  7    Str: 16    XL:     3   Next: 93%
Magic:  3/3        EV: 12    Int:  7    God:
Gold:   63         SH:  0    Dex: 15    Spells: 2/2 levels left

rFire   . . .      SeeInvis .   a - +0 trident
rCold   . . .      Faith    .   (no shield)
rNeg    . . .      Spirit   .   f - +0 ring mail
rPois   .          Reflect  .   c - +0 helmet
rElec   .          Harm     .   i - +0 cloak
rCorr   .          Rampage  .   (no gloves)
Will    .....                   (no boots)
Stlth   +.........              (no amulet)
HPRegen 0.09/turn               (no ring)
MPRegen 0.08/turn               (no ring)

@: lethally poisoned (-2 -> -25)
A: (nimble swimmer 2), mertail
a: no special abilities


You were on level 2 of the Dungeon.
You visited 1 branch of the dungeon, and saw 2 of its levels.

You collected 63 gold pieces.

Inventory:

Hand Weapons
 a - a +0 trident (weapon)
 m - a +0 spear
Missiles
 d - 3 throwing nets (quivered)
 e - a javelin
 g - 36 stones
 l - 3 boomerangs
Armour
 b - a +0 leather armour
 c - a +0 helmet (worn)
 f - a +0 ring mail (worn)
 i - a +0 cloak (worn)
Scrolls
 h - 3 scrolls of identify {unknown}
 j - a scroll of poison {unknown}
 k - a scroll of teleportation {unknown}
Potions
 n - a potion of lignification {unknown}


   Skills:
 + Level 3.0 Fighting
 * Level 5.3 Polearms
 - Level 2.1 Throwing
 - Level 4.2 Dodging


You had 2 spell levels left.
You didn't know any spells.
Your spell library was empty.

Dungeon Overview and Level Annotations

Branches:
Dungeon (2/15)

Altars:


Innate Abilities, Weirdness & Mutations

((You are very nimble when in or above water. (Stealth+, EV+, Speed+++)))
Your lower body shifts to a powerful aquatic tail in water.


Message History

You feel sick. The adder bites you but does no damage.
You hit the adder.
The adder is almost dead.
You feel sick. The adder bites you but does no damage.
The kobold hits you but does no damage.
You are more poisoned.
The adder closely misses you. The kobold attacks as you move away!
The kobold hits you but does no damage.
You feel very sick.
You closely miss the adder.
The adder is almost dead.
You feel sick. The adder bites you but does no damage.
The kobold hits you with a +2 short sword of venom.
You are lethally poisoned!
You are too injured to fight recklessly!
You are too injured to fight recklessly!
You are too injured to fight recklessly!
You are too injured to fight recklessly!
You are too injured to fight recklessly!
Unknown command.
Unknown command.
Unknown command.
The adder attacks as you move away! The adder barely misses you.
You feel very sick. The adder barely misses you.
You barely miss the adder.
The adder is almost dead.
* * * LOW HITPOINT WARNING * * *
You feel very sick. The adder closely misses you.
The kobold hits you but does no damage.
You are more poisoned.
You barely miss the adder.
The adder is severely wounded.
* * * LOW HITPOINT WARNING * * *
You feel very sick. The adder bites you but does no damage.
The kobold hits you but does no damage.
You are more poisoned.
You hit the adder.
You kill the adder!
You die...

.#...##########.....#
.......)..g.......#.#
.....##.##.K......#.# ##
..##.##.##.##.#...#.# ..
# ####.##.##.#.....#.#
####.##.##†....#
#....##g.#.##
#######.K.## #@##.# ..
#...#.# .# #...##.#.
..####........
#.#.....##..... .#
#.##....# .#### ..# .###
#..###.## ## #..#
....S#..###.##...##
....####...).#..........


You could see a hobgoblin and a kobold.

Vanquished Creatures
  3 adders (D:2)
  A gnoll (D:1)
  A worm (D:2)
  5 ball pythons
  2 endoplasms (D:1)
  A giant cockroach (D:1)
  4 goblins
  2 hobgoblins
  A quokka (D:2)
  A bat (D:1)
  3 kobolds
  3 rats
27 creatures vanquished.

Notes
Turn   | Place    | Note
-------+----------+-------------------------------------------
     0 | D:1      | frogsbabysitter the Merfolk Gladiator began the quest for
                  | the Orb.
     0 | D:1      | Reached XP level 1. HP: 16/16 MP: 1/1
   169 | D:1      | Reached XP level 2. HP: 23/23 MP: 2/2
  1000 | D:2      | Reached XP level 3. HP: 28/28 MP: 3/3
  1125 | D:2      | Reached skill level 5 in Polearms
  1455 | D:2      | Succumbed to a kobold's poison

Illustrated notes

Levels and vault maps discovered:
D:1:      onia_arrival_mini_spirals, layout_basic,
          minmay_misc_feat_secret_circle
D:2:      minmay_evil_eye, layout_loops_ring, basic_altar,
          dreamdust_ecumenical_altar_statues, minmay_pentomino_x4,
          uniq_crazy_yiuf_cottage

Skill      XL: |  1  2  3 |
---------------+----------+-----
Polearms       | 5 |  5.3
Fighting       | 3 |  3.0
Throwing       | |  2.1
Dodging        | |  4.2

Action                   || total
-------------------------++-------
Melee: Trident           ||   124
Armor: Ring mail         ||    48
Dodge: Dodged            ||    62

Table legend: (Time is in decaauts)
 A = Elapsed time spent in this place.
 B = Non-inter-level travel time spent in this place.
 C = Inter-level travel time spent in this place.
 D = Time resting spent in this place.
 E = Time spent auto-exploring this place.
 F = Levels seen in this place.
 G = Mean time per level.
                   A        B        C        D        E       F      G
               +--------+--------+--------+--------+--------+-----+--------+
         Total |   1463 |   1425 |     38 |     71 |   1050 |   2 |  731.5 |
       Dungeon |   1463 |   1425 |     38 |     71 |   1050 |   2 |  731.5 |
               +--------+--------+--------+--------+--------+-----+--------+

Top non-repeatable levels by time:
     D:1: 995 daAuts
     D:2: 468 daAuts
